 Dungeon Crawl Stone Soup version 0.29-a0-997-gf6f7e2dfe7 (webtiles) character file.

Game seed: 5031206692386884616

60 siradein the Shooter (level 3, -1/31 HPs)
             Began as a Minotaur Hunter on Aug 4, 2022.
             Slain by a goblin
             ... wielding a +0 club
             ... led by Robin
              (3 damage)
             ... on level 2 of the Dungeon.
             The game lasted 00:03:00 (961 turns).

siradein the Shooter (Minotaur Hunter)               Turns: 961, Time: 00:03:01

Health: -1/31      AC:  4    Str: 15    XL:     3   Next: 82%
Magic:  2/2        EV: 12    Int:  6    God:
Gold:   93         SH:  0    Dex: 15    Spells: 2/2 levels left

rFire   . . .      SeeInvis .   a - +0 shortbow
rCold   . . .      Faith    .   (shield currently unavailable)
rNeg    . . .      Spirit   .   c - +0 leather armour
rPois   .          Reflect  .   (helmet restricted)
rElec   .          Harm     .   k - +0 cloak
rCorr   .          Rampage  .   (no gloves)
Will    .....                   (no boots)
Stlth   ++........              (no amulet)
HPRegen 0.10/turn               h - ring of flight
MPRegen 0.08/turn               (no ring)

@: flying
A: horns 2, retaliatory headbutt
a: no special abilities


You were on level 2 of the Dungeon.
You visited 1 branch of the dungeon, and saw 2 of its levels.

You collected 93 gold pieces.

Inventory:

Hand Weapons
 a - a +0 shortbow (weapon)
Armour
 c - a +0 leather armour (worn)
 k - a +0 cloak (worn)
Jewellery
 h - a ring of flight (left hand)
 l - a ring of wizardry
Scrolls
 b - a scroll of immolation
 d - 5 scrolls of identify {unknown}
 f - a scroll of amnesia {unknown}
 g - a scroll of magic mapping {unknown}
 i - a scroll of summoning {unknown}
 j - a scroll of teleportation {unknown}
Potions
 e - a potion of heal wounds {unknown}


   Skills:
 * Level 3.3 Fighting
 + Level 4.6 Ranged Weapons
 * Level 3.1 Dodging
 * Level 1.8 Stealth


You had 2 spell levels left.
You didn't know any spells.
Your spell library contained the following spells:

 Spells                   Type           Power      Damage    Failure   Level
 Summon Lightning Spire   Summ/Air       0%         N/A       99%         4
 Storm Form               Tmut/Air       0%         N/A       100%        7
 Maxwell's Capacitive Co  Air            0%         ∞         100%        8


Dungeon Overview and Level Annotations

Branches:
Dungeon (2/15)

Altars:


Innate Abilities, Weirdness & Mutations

You have a pair of horns on your head.
You reflexively headbutt those who attack you in melee.


Message History

The goblin hits you with a +0 club.
* * * LOW HITPOINT WARNING * * *
Robin throws the goblin at you!
Fire: a) +0 shortbow
Press: ? - help, Q - select action Shift-Dir - straight line, f/p - Robin
Aim: Robin, wielding a +0 dagger, wearing a +2 animal skin and wearing a +0 helmet (almost dead, 69% to hit)
You shoot an arrow. The arrow hits Robin.
You kill Robin!
You hear a shout! x2
The goblin hits you with a +0 club.
* * * LOW HITPOINT WARNING * * *
The goblin closely misses you.
A goblin comes into view. It is wielding a +0 club.
Fire: a) +0 shortbow
Press: ? - help, Q - select action Shift-Dir - straight line, f - goblin
Aim: a goblin, wielding a +0 club (strong, 55% to hit)
You shoot an arrow. The arrow hits the goblin!
You kill the goblin!
The goblin hits you with a +0 club.
* * * LOW HITPOINT WARNING * * *
Fire: a) +0 shortbow
Press: ? - help, Q - select action Shift-Dir - straight line, f - goblin
Aim: a goblin, wielding a +0 club (strong, 55% to hit)
You shoot an arrow. The arrow closely misses the goblin.
A goblin comes into view. It is wielding a +0 dagger.
The goblin barely misses you. x3; The goblin hits you with a +0 club.
* * * LOW HITPOINT WARNING * * *
Fire: a) +0 shortbow
Press: ? - help, Q - select action Shift-Dir - straight line, f/p - goblin
Aim: a goblin, wielding a +0 club (strong, 55% to hit)
You shoot an arrow. The arrow closely misses the goblin.
The goblin hits you but does no damage. The goblin hits you with a +0 club.
* * * LOW HITPOINT WARNING * * *
Fire: a) +0 shortbow
Press: ? - help, Q - select action Shift-Dir - straight line, f/p - goblin
Aim: a goblin, wielding a +0 club (strong, 55% to hit)
You shoot an arrow. The arrow hits the goblin!
You kill the goblin!
The goblin hits you with a +0 club.
You die...

####..÷# #.# .#
#...# #.# .#
#...#####.###<#
#...##.##.##..
####...#.#.#.##.#
........###...#.####
.......## ##......(#
........# #...#)##.#
####...#.#.##.#)@gg#
#...##.# #.####)#
#...#### #.####.#
#...# #......# #...#
######g##### #.#...#
#.g...# ###.g)#
##...gg)g


You could see 2 goblins.

Vanquished Creatures
  Robin (D:2)
  An adder (D:2)
  2 dart slugs
  3 bats (D:2)
  4 endoplasms
  8 goblins (D:2)
  5 hobgoblins
  5 kobolds
  A quokka (D:2)
  2 frilled lizards (D:1)
  2 rats (D:2)
34 creatures vanquished.

Vanquished Creatures (others)
  2 plants (D:1)
2 creatures vanquished.

Grand Total: 36 creatures vanquished

Notes
Turn   | Place    | Note
-------+----------+-------------------------------------------
     0 | D:1      | siradein the Minotaur Hunter began the quest for the Orb.
     0 | D:1      | Reached XP level 1. HP: 18/18 MP: 0/0
   221 | D:1      | Reached skill level 1 in Stealth
   222 | D:1      | Found a faded altar of an unknown god.
   373 | D:1      | Reached XP level 2. HP: 25/25 MP: 1/1
   754 | D:2      | Reached XP level 3. HP: 31/31 MP: 2/2
   934 | D:2      | Noticed Robin
   957 | D:2      | Killed Robin
   961 | D:2      | Slain by a goblin

Illustrated notes

Levels and vault maps discovered:
D:1:      dpeg_arrival_shelter, layout_basic,
          hellmonk_ecumenical_altar_inner_sanctum, serial_bayou_lagoon_a,
          nicolae_figureground_pulse
D:2:      layout_loops_cross, uniq_robin, uniq_natasha

Skill      XL: |  1  2  3 |
---------------+----------+-----
Stealth        | 1 |  1.8
Fighting       | 3 |  3.3
Dodging        | 3 |  3.1
Ranged Weapons | |  4.6

Action                   || total
-------------------------++-------
 Fire: Shortbow          ||    93
Armor: Leather armour    ||    10
Dodge: Dodged            ||    28

Table legend: (Time is in decaauts)
 A = Elapsed time spent in this place.
 B = Non-inter-level travel time spent in this place.
 C = Inter-level travel time spent in this place.
 D = Time resting spent in this place.
 E = Time spent auto-exploring this place.
 F = Levels seen in this place.
 G = Mean time per level.
                   A        B        C        D        E       F      G
               +--------+--------+--------+--------+--------+-----+--------+
         Total |    988 |    960 |     28 |      0 |    775 |   2 |  494.0 |
       Dungeon |    988 |    960 |     28 |      0 |    775 |   2 |  494.0 |
               +--------+--------+--------+--------+--------+-----+--------+

Top non-repeatable levels by time:
     D:1: 713 daAuts
     D:2: 275 daAuts
